 Dungeon Crawl Stone Soup version 0.25-a0-294-gea9b1ad378 (webtiles) character file.

Game seed: 16908238089894917316, levelgen mode: deterministic

247 Barrydekale the Skirmisher (level 5, -1/44 HPs)
             Began as a Demonspawn Fighter on Dec 16, 2019.
             Splashed by a jelly's acid (11 damage)
             ... on level 3 of the Dungeon.
             The game lasted 00:05:17 (3264 turns).

Barrydekale the Skirmisher (Demonspawn Fighter)     Turns: 3264, Time: 00:05:19

Health: -1/44      AC:  6    Str: 18    XL:     5   Next: 85%
Magic:  5/5        EV:  6    Int:  9    God:
Gold:   117        SH:  7    Dex: 12    Spells: 4/4 levels left

rFire    . . .     SeeInvis .   a - +0 long sword
rCold    . . .     Gourm    .   c - +0 shield
rNeg     . . .     Faith    .   b - +0 scale mail
rPois    .         Spirit   .   q - +0 helmet
rElec    .         Reflect  .   (no cloak)
rCorr    .         Harm     .   (no gloves)
MR       .....                  (no boots)
Stlth    +.........             (no amulet)
HPRegen  0.14/turn              (no ring)
MPRegen  0.09/turn              (no ring)

@: corroded, extremely drained
A: yellow scales 2, nightstalker 1
a: no special abilities


You were on level 3 of the Dungeon.
You were hungry.

You visited 1 branch of the dungeon, and saw 3 of its levels.

You collected 117 gold pieces.

Inventory:

Hand Weapons
 a - a +0 long sword (weapon)
Missiles
 o - 141 stones (quivered)
Armour
 b - a +0 scale mail (worn)
 c - a +0 shield (worn)
 q - a +0 helmet (worn)
Scrolls
 e - a scroll of blinking {unknown}
 g - 2 scrolls of magic mapping {unknown}
 i - 3 scrolls of identify {unknown}
 k - a scroll of immolation {unknown}
 l - 2 scrolls of fog {unknown}
 m - a scroll of fear {unknown}
 n - a scroll of amnesia {unknown}
 t - 2 scrolls of remove curse {unknown}
Potions
 d - a potion of might
 h - a potion of agility
 j - 3 potions of flight {unknown}
 p - 2 potions of curing {unknown}
 r - a potion of haste {unknown}
 s - a potion of invisibility {unknown}
Comestibles
 f - 2 rations


   Skills:
 + Level 5.1(0.0) Fighting
 + Level 4.1(0.0) Long Blades
 - Level 2.6(0.0) Armour
 - Level 2.6(0.0) Shields


You had 4 spell levels left.
You didn't know any spells.
Your spell library was empty.

Dungeon Overview and Level Annotations

Branches:
Dungeon (3/15)

Altars:


Innate Abilities, Weirdness & Mutations

You are mostly covered in yellow scales. (AC +3)
You are slightly more attuned to the shadows.


Message History

The jelly barely misses you.
The dart slug bites you but does no damage.
The orc priest hits you but does no damage.
You block the jelly's attack.
You hit the orc priest.
You kill the orc priest!
The dart slug launches a dart at you. The slug dart misses you.
The jelly hits you but does no damage.
You hit the jelly but do no damage.
Your hands burn!
The jelly is lightly wounded.
The jelly barely misses you.
You riposte.
You hit the jelly.
The jelly is moderately wounded.
You block the dart slug's attack. The jelly barely misses you.
You slash the jelly!
Your hands burn!
* * * LOW HITPOINT WARNING * * *
The jelly is severely wounded.
The jelly hits you.
* * * LOW HITPOINT WARNING * * *
You are splashed with acid!
You die...

### #.....#
#.##### #..#
####''####
##...(....##
#..........##
#......(.)...##
..(...........##
.........@.....#
........J)w.....
................
.....♣[.♣.......
...♣♣........
... ........ ##
.. ♣....... ..
##


You could see a jelly and a dart slug.

Vanquished Creatures
  An orc priest (D:3)
  Natasha (thrice) (D:2)
  An orc wizard (D:3)
  Robin (D:2)
  4 adders
  A gnoll (D:2)
  A worm (D:2)
  3 dart slugs
  3 orcs (D:3)
  2 ball pythons (D:2)
  3 bats
  2 giant cockroaches (D:1)
  15 goblins
  8 hobgoblins
  3 jackals (D:1)
  3 frilled lizards
  6 kobolds
  7 rats
67 creatures vanquished.

Notes
Turn   | Place    | Note
-------+----------+-------------------------------------------
     0 | D:1      | Barrydekale the Demonspawn Fighter began the quest for the
                  | Orb.
     0 | D:1      | Reached XP level 1. HP: 18/18 MP: 1/1
   194 | D:1      | Gained mutation: You are partially covered in yellow
                  | scales. (AC +2) [demonic ancestry]
   194 | D:1      | Reached XP level 2. HP: 24/24 MP: 2/2
   906 | D:2      | Reached XP level 3. HP: 26/30 MP: 3/3
  1231 | D:2      | Noticed Robin
  1544 | D:2      | Killed Robin
  1544 | D:2      | Reached skill level 4 in Fighting
  1544 | D:2      | Gained mutation: You are mostly covered in yellow scales.
                  | (AC +3) [demonic ancestry]
  1544 | D:2      | Reached XP level 4. HP: 32/37 MP: 4/4
  1812 | D:2      | Noticed Natasha
  1840 | D:2      | Killed Natasha
  1846 | D:2      | Noticed Natasha
  1858 | D:2      | Killed Natasha
  1963 | D:2      | Noticed Natasha
  1973 | D:2      | Killed Natasha
  1973 | D:2      | Gained mutation: You are slightly more attuned to the
                  | shadows. [demonic ancestry]
  1973 | D:2      | Reached XP level 5. HP: 2/43 MP: 5/5
  3031 | D:3      | Reached skill level 5 in Fighting
  3264 | D:3      | Splashed by a jelly's acid

Levels and vault maps discovered:
D:1:      minmay_arrival_four_loops, layout_basic, serial_bayou_crossing
D:2:      layout_loops_cross, minmay_diced_spiral, uniq_robin, uniq_natasha
D:3:      kennysheep_big_flooded_room, layout_basic, tgw_xom,
          amethyst_overflow_temple_binary, chequers_ecumenical_altar_island,
          first_ration, st_stairs_6

Skill      XL: |  1  2  3  4  5 |
---------------+----------------+-----
Long Blades    | 2 3 4 |  4.1
Fighting       | 4 5 |  5.1
Armour         | |  2.6
Shields        | |  2.6

Action                   |  1- 3 |  4- 6 || total
-------------------------+-------+-------++-------
Melee: Long sword        |    90 |   176 ||   266
Throw: Stone             |       |    16 ||    16
  Eat: Chunk             |     2 |     2 ||     4
       Ration            |       |     1 ||     1
Armor: Scale mail        |    62 |   118 ||   180
Dodge: Dodged            |    27 |    61 ||    88
Block: Shield            |    50 |    87 ||   137
       Rpst.: Long sword |    10 |    16 ||    26

Table legend:
 A = Non-vault XP
 B = Vault XP
 C = Vault XP percentage of total XP
 D = Non-vault monster count
 E = Vault monster count
 F = Vault count percentage of total count
                 A         B        C        D         E       F
            +---------+---------+-------+---------+---------+-------
      Total |     263 |      91 |  25.7 |      49 |      18 |  26.9
            +---------+---------+-------+---------+---------+-------
        D:1 |      37 |      10 |  21.3 |      19 |       5 |  20.8
        D:2 |     136 |      79 |  36.7 |      19 |      11 |  36.7
        D:3 |      90 |       2 |   2.2 |      11 |       2 |  15.4
            +---------+---------+-------+---------+---------+-------
